 Dungeon Crawl Stone Soup version 0.31-a0-774-g0d66cbabe8 (webtiles) character file.

Game seed: 12200663077860279861

46 Fodor the Conjurer (level 3, -2/22 HPs)
             Began as a Gargoyle Reaver on Sept 17, 2023.
             Killed by divine providence
             ... invoked by an orc priest
              (10 damage)
             ... on level 4 of the Dungeon.
             The game lasted 00:08:23 (1003 turns).

Fodor the Conjurer (Gargoyle Reaver)                Turns: 1003, Time: 00:08:24

Health: -2/22      AC: 12    Str: 17    XL:     3   Next: 66%
Magic:  6/6        EV:  8    Int: 13    God:
Gold:   113        SH:  0    Dex: 14    Spells: 3/6 levels left

rFire   . . .        e - +0 spear (heavy)
rCold   . . .        (no shield)
rNeg    + . .        h - +0 chain mail
rPois   ∞            (no helmet)
rElec   +            (no cloak)
rCorr   .            a - +0 pair of gloves
SInv    .            (no boots)
Will    .....        (no amulet) Stlth
                     c - +6 ring of dexterity
HPRegen 0.23/turn    (no ring)
MPRegen 0.10/turn

%: no passive effects
@: no status effects
A: sickness immunity, AC +3, negative energy resistance 1, electricity
resistance, torment resistance 1, petrification resistance
a: no special abilities


You were on level 4 of the Dungeon.
You visited 1 branch of the dungeon, and saw 3 of its levels.

You collected 113 gold pieces.

Inventory:

Hand Weapons
 e - a +0 heavy spear (weapon)
Armour
 a - a +0 pair of gloves (worn)
 h - a +0 chain mail (worn)
Jewellery
 c - a +6 ring of dexterity (left hand)
Scrolls
 b - a scroll of brand weapon {unknown}
 d - a scroll of amnesia {unknown}
 g - a scroll of teleportation {unknown}
 i - a scroll of fog {unknown}
Potions
 f - a potion of curing {unknown}


   Skills:
 + Level 2.3 Fighting
 + Level 3.3 Maces & Flails
 + Level 0.2 Polearms
 + Level 1.8 Armour
 + Level 1.8 Dodging
 + Level 2.0 Spellcasting
 + Level 3.8 Conjurations


You had 3 spell levels left.
You knew the following spells:

 Your Spells              Type           Power      Damage    Failure   Level
a - Kiss of Death         Conj/Necr      24%        2d7       80%         1
b - Momentum Strike       Conj/Tloc      12%        3d8       90%         2

Your spell library contained the following spells:

 Spells                   Type           Power      Damage    Failure   Level
 Shock                    Conj/Air       24%        1d4       80%         1
 Hailstorm                Conj/Ice       6%         3d4       99%         3
 Inner Flame              Hex/Fire       1%         N/A       100%        3
 Summon Guardian Golem    Hex/Summ       1%         N/A       100%        3
 Swiftness                Air            1%         N/A       100%        3
 Airstrike                Air            0%         2d(1-17)  100%        4
 Flame Wave               Conj/Fire      6%         2d5       100%        4
 Sticky Flame             Conj/Fire      6%         2d3       100%        4
 Orb of Destruction       Conj           5%         9d5       100%        7
 Spellforged Servitor     Conj/Summ      3%         N/A       100%        7


Dungeon Overview and Level Annotations

Branches:
Dungeon (2/15)

Altars:


Innate Abilities, Weirdness & Mutations

You are immune to sickness and miasma.
Your stone body is resilient. (AC +3)
You are immune to poison.
You resist negative energy. (rN+)
You are resistant to electric shocks. (rElec)
You are resistant to unholy torment.
You are immune to petrification.


Message History

The orc hits you but does no damage.
You puncture the orc!
You kill the orc!
Things that are here:
a +0 whip; a +0 chain mail An orc comes into view.
It is wielding a +0 trident.
Things that are here:
a +0 whip; a +0 chain mail The orc shouts!
You hear an angry growl.
You hear a shout! x2
You see here a staff of cold.
A black bear comes into view.
The black bear growls angrily.
The orc hits you from afar with a +0 trident.
An orc comes into view. It is wielding a +0 hand axe.
The orc shouts!
An orc wizard comes into view. It is wielding a +0 dagger.
The orc barely misses you.
The orc wizard shouts!
You hit the orc.
The orc is severely wounded.
You hear a shout!
An orc comes into view. It is wielding a +0 mace.
The orc hits you with a +0 trident. The orc hits you but does no damage.
You closely miss the orc.
The orc is severely wounded.
The orc hits you with a +0 trident!
An orc priest comes into view. It is wielding a +0 club.
The orc hits you but does no damage.
You puncture the orc!
You kill the orc!
You puncture the black bear! Your punch misses the black bear.
The black bear is moderately wounded.
The black bear bites you but does no damage.
The black bear claws you but does no damage.
The black bear claws you. The orc hits you but does no damage.
The black bear bites you but does no damage.
The black bear claws you but does no damage. x2
The orc priest calls down the wrath of Beogh upon you.
Beogh smites you!
You die...

#.###########.#..# #.#
###...#[ #.# #...#..#
#.##### #.#.##.. #.....#
##[#..###
#####.)...####...†....
####..|........##.##.#.##
............#############
.####.###@..# ......oh###
###.###o# #o# #.# #.# #o#
#..


You could see a black bear, an orc priest, an orc wizard and 2 orcs.

Vanquished Creatures
  An ufetubus (D:4)
  2 dart slugs (D:1)
  2 orcs (D:4)
  A bat (D:1)
  An endoplasm (D:2)
  A giant cockroach (D:2)
  4 goblins
  2 hobgoblins
  2 jackals (D:2)
  2 quokkas (D:1)
  5 ball pythons
  5 kobolds
  2 rats (D:1)
30 creatures vanquished.

Notes
Turn   | Place    | Note
-------+----------+-------------------------------------------
     0 | D:1      | Fodor the Gargoyle Reaver began the quest for the Orb.
     0 | D:1      | Reached XP level 1. HP: 12/12 MP: 3/3
   134 | D:1      | Reached XP level 2. HP: 14/17 MP: 5/5
   375 | D:1      | Learned a level 2 spell: Momentum Strike
   610 | D:2      | Reached skill level 1 in Armour
   610 | D:2      | Reached XP level 3. HP: 18/21 MP: 6/6
   920 | D:2      | You fall into a shaft and drop 2 floors!
   998 | D:4      | Noticed a black bear
  1003 | D:4      | Killed from afar by an orc priest

Illustrated notes

Levels and vault maps discovered:
D:1:      saegor_arrival_simple_e, layout_rooms
D:2:      layout_rooms
D:4:      layout_loops_ring, mainiacjoe_overflow_alcove_2,
          nicolae_tso_carved_into_rock, zin_purify, lemuel_temple_firewalk_b,
          cheibrodos_sewer_entry_bend, minmay_box_of_dots, uniq_edmund

Skill      XL: |  1  2 |
---------------+-------+-----
Armour         | 1 |  1.8
Fighting       | |  2.3
Maces & Flails | |  3.3
Polearms       | |  0.2
Dodging        | |  1.8
Spellcasting   | |  2.0
Conjurations   | |  3.8

Action                     || total
---------------------------++-------
  Melee: Mace              ||    46
         Spear             ||    58
         Punch             ||     1
 Armour: Leather armour    ||   101
         Chain mail        ||    23
  Dodge: Dodged            ||    71

Table legend: (Time is in decaauts)
 A = Elapsed time spent in this place.
 B = Non-inter-level travel time spent in this place.
 C = Inter-level travel time spent in this place.
 D = Time resting spent in this place.
 E = Time spent auto-exploring this place.
 F = Levels seen in this place.
 G = Mean time per level.
                   A        B        C        D        E       F      G
               +--------+--------+--------+--------+--------+-----+--------+
         Total |   1049 |   1035 |     14 |     81 |      0 |   3 |  349.7 |
       Dungeon |   1049 |   1035 |     14 |     81 |      0 |   3 |  349.7 |
               +--------+--------+--------+--------+--------+-----+--------+

Top non-repeatable levels by time:
     D:1: 608 daAuts
     D:2: 352 daAuts
     D:4: 88 daAuts
